| TOP OF THE 1ST |
|
Punta Cana Cocos batting - Pitching for Fort de France Carnivals : LHP Dennis Rasmussen
|
|
Pitching: LHP Dennis Rasmussen
|
|
|
Batting: LHB Mike Cole
|
0-0: Called Strike 0-1: Ball 1-1: Foul Ball, location: 2F 1-2: Strikes out swinging
|
|
Batting: RHB Julio Acevedo
|
0-0: Called Strike 0-1: Foul Ball, location: 2F 0-2: Foul Ball, location: 2F 0-2: Ball 1-2: Strikes out swinging
|
|
Batting: RHB Jesse Vann
|
0-0: DOUBLE (Line Drive, 9LS, EV 108.8 MPH)
|
|
Batting: RHB Tony Brewer
|
0-0: Fly out, F9 (Flyball, 9, EV 97.5 MPH)
|
| Top of the 1st over - 0 runs, 1 hit, 0 errors, 1 left on base; Punta Cana 0 - Fort de France 0 |
| BOTTOM OF THE 1ST |
|
Fort de France Carnivals batting - Pitching for Punta Cana Cocos : RHP Ed Nunez
|
|
Pitching: RHP Ed Nunez
|
|
|
Batting: SHB Gary Pettis
|
0-0: Called Strike 0-1: Ball 1-1: Swinging Strike 1-2: Strikes out swinging
|
|
Batting: RHB Eddie Vargas
|
0-0: Ball 1-0: Ground out 5-3 (Groundball, 56S, EV 65.0 MPH)
|
|
Batting: RHB Ramiro Gutierrez
|
0-0: Swinging Strike 0-1: Ball 1-1: Ball 2-1: Ball 3-1: Fly out, F4 (Popup, 4, EV 60.0 MPH)
|
| Bottom of the 1st over - 0 runs, 0 hits, 0 errors, 0 left on base; Punta Cana 0 - Fort de France 0 |
| TOP OF THE 2ND |
|
Punta Cana Cocos batting - Pitching for Fort de France Carnivals : LHP Dennis Rasmussen
|
|
Batting: RHB Darrell Miller
|
0-0: Ball 1-0: Called Strike 1-1: Ball 2-1: Ball 3-1: Fly out, F9 (Flyball, 9, EV 81.9 MPH)
|
|
Batting: RHB Tom Roarke
|
0-0: Ball 1-0: Called Strike 1-1: Swinging Strike 1-2: Strikes out swinging
|
|
Batting: RHB Leo George
|
0-0: Foul Ball, location: 2F 0-1: Fly out, F9 (Flyball, 9D, EV 86.9 MPH)
|
| Top of the 2nd over - 0 runs, 0 hits, 0 errors, 0 left on base; Punta Cana 0 - Fort de France 0 |
| BOTTOM OF THE 2ND |
|
Fort de France Carnivals batting - Pitching for Punta Cana Cocos : RHP Ed Nunez
|
|
Batting: LHB Omar Guerrero
|
0-0: Ball 1-0: Swinging Strike 1-1: SINGLE (Line Drive, 8LS, EV 103.8 MPH)
|
|
Batting: RHB Dave Stenhouse
|
0-0: Foul Ball, location: 2F 0-1: 2-RUN HOME RUN (Line Drive, 7D, EV 102.5 MPH), Distance : 357 ft
|
|
Batting: LHB Steve Sbragia
|
0-0: Ball 1-0: Fly out, F7 (Line Drive, 7, EV 108.1 MPH)
|
|
Batting: LHB Mike McCain
|
0-0: Ground out 5-3 (Groundball, 56S, EV 86.9 MPH)
|
|
Batting: RHB Julio Collazo
|
0-0: Fly out, F8 (Flyball, 89M, EV 98.1 MPH)
|
| Bottom of the 2nd over - 2 runs, 2 hits, 0 errors, 0 left on base; Punta Cana 0 - Fort de France 2 |
| TOP OF THE 3RD |
|
Punta Cana Cocos batting - Pitching for Fort de France Carnivals : LHP Dennis Rasmussen
|
|
Batting: RHB William Parmenter
|
0-0: Ball 1-0: Ball 2-0: Foul Ball, location: 2F 2-1: Foul Ball, location: 2F 2-2: Ball 3-2: Strikes out swinging
|
|
Batting: RHB Cliff Wherry
|
0-0: Foul Ball, location: 2F 0-1: Foul Ball, location: 2F 0-2: Ball 1-2: Ball 2-2: Foul Ball, location: 2F 2-2: Ball 3-2: Foul Ball, location: 2F 3-2: Ground out 6-3 (Groundball, 6, EV 90.0 MPH)
|
|
Batting: LHB Mike Cole
|
0-0: Ball 1-0: Ball 2-0: Called Strike 2-1: Ball 3-1: Base on Balls
|
|
Batting: RHB Julio Acevedo
|
0-0: Called Strike 0-1: Swinging Strike 0-2: Foul Ball, location: 2F 0-2: Ball 1-2: Fly out, F9 (Flyball, 9LM, EV 73.8 MPH)
|
| Top of the 3rd over - 0 runs, 0 hits, 0 errors, 1 left on base; Punta Cana 0 - Fort de France 2 |
| BOTTOM OF THE 3RD |
|
Fort de France Carnivals batting - Pitching for Punta Cana Cocos : RHP Ed Nunez
|
|
Batting: RHB Mario Diaz
|
0-0: Called Strike 0-1: Ball 1-1: Fly out, F9 (Flyball, 9D, EV 100.0 MPH)
|
|
Batting: SHB Gary Pettis
|
0-0: Called Strike 0-1: Ball 1-1: Hit by Pitch
|
|
Batting: RHB Eddie Vargas
|
0-0: Called Strike 0-1: Ball Gary Pettis steals 2nd base 1-1: Foul Ball, location: 2F 1-2: Foul Ball, location: 2F 1-2: Ball 2-2: Foul Ball, location: 2F 2-2: Foul Ball, location: 2F 2-2: SINGLE (Flyball, 8LS, EV 97.5 MPH) Gary Pettis to third Runner from 3rd tries for Home, SAFE, throw by CF to home
|
|
Batting: RHB Ramiro Gutierrez
|
0-0: Ball 1-0: Called Strike 1-1: Called Strike 1-2: Strikes out swinging
|
|
Batting: LHB Omar Guerrero
|
0-0: Ball 1-0: Ball 2-0: Called Strike 2-1: Called Strike 2-2: Ball 3-2: Foul Ball, location: 2F 3-2: Foul Ball, location: 2F 3-2: Foul Ball, location: 2F 3-2: Foul Ball, location: 2F 3-2: Foul Ball, location: 2F 3-2: Ground out 4-3 (Groundball, 4, EV 84.4 MPH)
|
| Bottom of the 3rd over - 1 run, 1 hit, 0 errors, 1 left on base; Punta Cana 0 - Fort de France 3 |
| TOP OF THE 4TH |
|
Punta Cana Cocos batting - Pitching for Fort de France Carnivals : LHP Dennis Rasmussen
|
|
Batting: RHB Jesse Vann
|
0-0: Ball 1-0: Ball 2-0: Ball 3-0: Base on Balls
|
|
Batting: RHB Tony Brewer
|
0-0: Ball 1-0: Called Strike 1-1: Ball 2-1: SINGLE (Groundball, 6M, EV 103.8 MPH) (infield hit) Jesse Vann to second
|
|
Batting: RHB Darrell Miller
|
0-0: Ball 1-0: Ball 2-0: Grounds into double play, 4-6-3 (Groundball, 4, EV 76.9 MPH) Jesse Vann to third
|
|
Batting: RHB Tom Roarke
|
0-0: Fly out, F8 (Flyball, 8RM, EV 90.0 MPH)
|
| Top of the 4th over - 0 runs, 1 hit, 0 errors, 1 left on base; Punta Cana 0 - Fort de France 3 |
| BOTTOM OF THE 4TH |
|
Fort de France Carnivals batting - Pitching for Punta Cana Cocos : RHP Ed Nunez
|
|
Batting: RHB Dave Stenhouse
|
0-0: Called Strike 0-1: Ball 1-1: Foul Ball, location: 2F 1-2: Foul Ball, location: 2F 1-2: Ground out 6-3 (Groundball, 6D, EV 104.4 MPH)
|
|
Batting: LHB Steve Sbragia
|
0-0: Swinging Strike 0-1: Called Strike 0-2: Ball 1-2: Fly out, F2 (Popup, 3SF, EV 71.9 MPH)
|
|
Batting: LHB Mike McCain
|
0-0: Called Strike 0-1: Foul Ball, location: 2F 0-2: Strikes out swinging
|
| Bottom of the 4th over - 0 runs, 0 hits, 0 errors, 0 left on base; Punta Cana 0 - Fort de France 3 |
| TOP OF THE 5TH |
|
Punta Cana Cocos batting - Pitching for Fort de France Carnivals : LHP Dennis Rasmussen
|
|
Batting: RHB Leo George
|
0-0: Ball 1-0: Called Strike 1-1: Foul Ball, location: 2F 1-2: Strikes out swinging
|
|
Batting: RHB William Parmenter
|
0-0: Foul Ball, location: 2F 0-1: Ball 1-1: Ball 2-1: Foul Ball, location: 2F 2-2: Strikes out swinging
|
|
Batting: RHB Cliff Wherry
|
0-0: Ground out 6-3 (Groundball, 4MS, EV 86.9 MPH)
|
| Top of the 5th over - 0 runs, 0 hits, 0 errors, 0 left on base; Punta Cana 0 - Fort de France 3 |
| BOTTOM OF THE 5TH |
|
Fort de France Carnivals batting - Pitching for Punta Cana Cocos : RHP Ed Nunez
|
|
Batting: RHB Julio Collazo
|
0-0: Foul Ball, location: 2F 0-1: Ball 1-1: Fly out, F8 (Flyball, 8RS, EV 80.6 MPH)
|
|
Batting: RHB Mario Diaz
|
0-0: Swinging Strike 0-1: Called Strike 0-2: Ball 1-2: Ground out 4-3 (Groundball, 4M, EV 107.5 MPH)
|
|
Batting: SHB Gary Pettis
|
0-0: Ball 1-0: Ball 2-0: Ball 3-0: Base on Balls
|
|
Batting: RHB Eddie Vargas
|
0-0: Called Strike 0-1: Foul Ball, location: 2F 0-2: Ball 1-2: Strikes out swinging
|
| Bottom of the 5th over - 0 runs, 0 hits, 0 errors, 1 left on base; Punta Cana 0 - Fort de France 3 |
| TOP OF THE 6TH |
|
Punta Cana Cocos batting - Pitching for Fort de France Carnivals : LHP Dennis Rasmussen
|
|
Batting: LHB Mike Cole
|
0-0: Foul Ball, location: 2F 0-1: Foul Ball, location: 2F 0-2: Foul Ball, location: 2F 0-2: Ball 1-2: Ball 2-2: Fly out, F5 (Popup, 25, EV 88.1 MPH)
|
|
Batting: RHB Julio Acevedo
|
0-0: Called Strike 0-1: Reached on error, E4 (Groundball, 4, EV 98.1 MPH)
|
|
Batting: RHB Jesse Vann
|
0-0: Ball 1-0: Foul Ball, location: 2F 1-1: Foul Ball, location: 2F 1-2: Foul Ball, location: 2F 1-2: Ball 2-2: Ball 3-2: Base on Balls Julio Acevedo to second
|
|
Batting: RHB Tony Brewer
|
0-0: Foul Ball, location: 2F 0-1: Called Strike 0-2: Fly out, F3 (Popup, 3F, EV 61.3 MPH)
|
|
Batting: RHB Darrell Miller
|
0-0: Ball 1-0: Called Strike 1-1: SINGLE (Groundball, 4MD, EV 104.4 MPH) Julio Acevedo to third Jesse Vann to second Runner from 3rd tries for Home, SAFE, throw by CF to home
|
|
Batting: RHB Tom Roarke
|
0-0: Foul Ball, location: 2F 0-1: Foul Ball, location: 2F 0-2: Strikes out swinging
|
| Top of the 6th over - 1 run, 1 hit, 1 error, 2 left on base; Punta Cana 1 - Fort de France 3 |
| BOTTOM OF THE 6TH |
|
Fort de France Carnivals batting - Pitching for Punta Cana Cocos : RHP Ed Nunez
|
|
Batting: RHB Ramiro Gutierrez
|
0-0: Swinging Strike 0-1: Ball 1-1: Called Strike 1-2: Ball 2-2: Strikes out swinging
|
|
Batting: LHB Omar Guerrero
|
0-0: Ball 1-0: Called Strike 1-1: Ball 2-1: Called Strike 2-2: Fly out, F7 (Flyball, 7LM, EV 88.8 MPH)
|
|
Batting: RHB Dave Stenhouse
|
0-0: Swinging Strike 0-1: Foul Ball, location: 2F 0-2: Ball 1-2: SOLO HOME RUN (Flyball, 7D, EV 96.3 MPH), Distance : 354 ft
|
|
Batting: LHB Steve Sbragia
|
0-0: Reached via error on a dropped throw from SS, E3 (Groundball, 6M, EV 109.4 MPH)
|
|
Batting: LHB Mike McCain
|
0-0: Swinging Strike 0-1: Ball 1-1: Ball 2-1: Ball 3-1: Fly out, F1 (Popup, P, EV 83.8 MPH)
|
| Bottom of the 6th over - 1 run, 1 hit, 1 error, 1 left on base; Punta Cana 1 - Fort de France 4 |
| TOP OF THE 7TH |
|
Punta Cana Cocos batting - Pitching for Fort de France Carnivals : LHP Dennis Rasmussen
|
|
Batting: RHB Leo George
|
0-0: Ball 1-0: Called Strike 1-1: Called Strike 1-2: Strikes out swinging
|
|
Batting: RHB William Parmenter
|
0-0: Foul Ball, location: 2F 0-1: Ground out 4-3 (Groundball, 4, EV 106.3 MPH)
|
|
Batting: RHB Cliff Wherry
|
0-0: Ball 1-0: Called Strike 1-1: Foul Ball, location: 2F 1-2: Foul Ball, location: 2F 1-2: Foul Ball, location: 2F 1-2: Ground out 6-3 (Groundball, 4MS, EV 81.3 MPH)
|
| Top of the 7th over - 0 runs, 0 hits, 0 errors, 0 left on base; Punta Cana 1 - Fort de France 4 |
| BOTTOM OF THE 7TH |
|
Fort de France Carnivals batting - Pitching for Punta Cana Cocos : RHP Ed Nunez
|
|
Batting: RHB Julio Collazo
|
0-0: Called Strike 0-1: Called Strike 0-2: Strikes out swinging, 2-3 out at first.
|
|
Batting: RHB Mario Diaz
|
0-0: Swinging Strike 0-1: Fly out, F9 (Line Drive, 9, EV 91.9 MPH)
|
|
Batting: SHB Gary Pettis
|
0-0: Called Strike 0-1: Ball 1-1: Fly out, F4 (Flyball, 4MD, EV 83.1 MPH)
|
| Bottom of the 7th over - 0 runs, 0 hits, 0 errors, 0 left on base; Punta Cana 1 - Fort de France 4 |
| TOP OF THE 8TH |
|
Punta Cana Cocos batting - Pitching for Fort de France Carnivals : LHP Dennis Rasmussen
|
|
Pitching: RHP Anthony Notarino
|
|
|
Batting: LHB Mike Cole
|
0-0: Called Strike 0-1: Ball 1-1: Ball 2-1: Foul Ball, location: 2F 2-2: Ball 3-2: SINGLE (Line Drive, 78S, EV 98.1 MPH)
|
|
Batting: RHB Julio Acevedo
|
0-0: Ball 1-0: Ball 2-0: Called Strike 2-1: Foul Ball, location: 2F 2-2: SINGLE (Flyball, 34D, EV 95.6 MPH) Mike Cole to second
|
|
Batting: RHB Jesse Vann
|
0-0: Called Strike 0-1: Foul Ball, location: 2F 0-2: Fielders Choice at 2nd, 6-4 (Groundball, 56D, EV 96.9 MPH) Mike Cole to third
|
|
Batting: RHB Tony Brewer
|
0-0: Foul Ball, location: 2F 0-1: Fly out, F9 (Flyball, 9, EV 82.5 MPH) Runner from 3rd tags up, SCORES, throw by RF
|
|
Batting: RHB Darrell Miller
|
0-0: Called Strike 0-1: Foul Ball, location: 2F 0-2: Ball 1-2: Ball 2-2: Foul Ball, location: 2F 2-2: Ball 3-2: Fly out, F4 (Popup, 4, EV 66.9 MPH)
|
| Top of the 8th over - 1 run, 2 hits, 0 errors, 1 left on base; Punta Cana 2 - Fort de France 4 |
| BOTTOM OF THE 8TH |
|
Fort de France Carnivals batting - Pitching for Punta Cana Cocos : RHP Ed Nunez
|
|
Batting: RHB Eddie Vargas
|
0-0: Ball 1-0: Ball 2-0: Foul Ball, location: 2F 2-1: Called Strike 2-2: Strikes out looking
|
|
Batting: RHB Ramiro Gutierrez
|
0-0: Called Strike 0-1: Called Strike 0-2: Strikes out looking
|
|
Batting: LHB Omar Guerrero
|
0-0: SINGLE (Flyball, 8LS, EV 90.0 MPH)
|
|
Batting: RHB Dave Stenhouse
|
0-0: Ball 1-0: Foul Ball, location: 2F 1-1: Ball 2-1: Called Strike Omar Guerrero steals 2nd base (no throw) 2-2: Strikes out swinging
|
| Bottom of the 8th over - 0 runs, 1 hit, 0 errors, 1 left on base; Punta Cana 2 - Fort de France 4 |
| TOP OF THE 9TH |
|
Punta Cana Cocos batting - Pitching for Fort de France Carnivals : RHP Anthony Notarino
|
|
Pitching: RHP Joel Willett
|
|
|
Batting: RHB Tom Roarke
|
0-0: Ball 1-0: Foul Ball, location: 2F 1-1: Ground out 6-3 (Groundball, 6, EV 83.1 MPH)
|
|
Batting: RHB Leo George
|
0-0: Ball 1-0: Swinging Strike 1-1: Ball 2-1: Foul Ball, location: 2F 2-2: Ground out 6-3 (Groundball, 6, EV 100.0 MPH)
|
|
Batting: RHB William Parmenter
|
0-0: Swinging Strike 0-1: Foul Ball, location: 2F 0-2: Ball 1-2: Foul Ball, location: 2F 1-2: Ball 2-2: Foul Ball, location: 2F 2-2: Fly out, F7 (Line Drive, 7, EV 100.0 MPH)
|
| Top of the 9th over - 0 runs, 0 hits, 0 errors, 0 left on base; Punta Cana 2 - Fort de France 4 |
|